 Dungeon Crawl Stone Soup version 0.31-a0-801-gc67433417a (webtiles) character file.

Game seed: 16385870322962558589

8 Essalna the Conjurer (level 2, 0/19 HPs)
             Began as a Demonspawn Conjurer on Sept 20, 2023.
             Succumbed to an adder's poison
             ... on level 3 of the Dungeon.
             The game lasted 00:01:00 (349 turns).

Essalna the Conjurer (Demonspawn Conjurer)           Turns: 349, Time: 00:01:00

Health: 0/19       AC:  2    Str:  7    XL:     2   Next: 0%
Magic:  5/5        EV: 12    Int: 19    God:
Gold:   9          SH:  0    Dex: 11    Spells: 4/5 levels left

rFire   . . .        b - staff of earth
rCold   . . .        (no shield)
rNeg    . . .        a - +0 robe
rPois   .            (no helmet)
rElec   .            c - scarf {repulsion}
rCorr   .            (no gloves)
SInv    .            (no boots)
Will    .....        (no amulet)
Stlth   ++           (no ring)
HPRegen 0.23/turn    (no ring)
MPRegen 0.09/turn

%: repel missiles
@: lethally poisoned (0 -> -6)
A: hooves 1
a: no special abilities


You were on level 3 of the Dungeon.
You visited 1 branch of the dungeon, and saw 3 of its levels.

You collected 9 gold pieces.

Inventory:

Armour
 a - a +0 robe (worn)
 c - a scarf of repulsion (worn)
Magical Staves
 b - a staff of earth (weapon)


   Skills:
 - Level 1.7 Dodging
 - Level 1.7 Stealth
 + Level 2.3 Spellcasting
 + Level 4.2 Conjurations


You had 4 spell levels left.
You knew the following spells:

 Your Spells              Type           Power      Damage    Failure   Level
a - Magic Dart            Conj           72%        1d6       3%          1

Your spell library contained the following spells:

 Spells                   Type           Power      Damage    Failure   Level
 Searing Ray              Conj           36%        2d5       4%          2
 Dazzling Flash           Conj/Hex       20%        N/A       21%         3
 Fulminant Prism          Conj/Hex       5%         3d6       56%         4
 Iskenderun's Mystic Bla  Conj/Tloc      10%        2d4       56%         4


Dungeon Overview and Level Annotations

Branches:
Dungeon (3/15)

Altars:


Innate Abilities, Weirdness & Mutations

You have large cloven feet.


Message History

You now have 9 gold pieces (gained 5).
You see here a scarf of repulsion.
You can't see any susceptible monsters within range! (Use Z to cast anyway.)
You can't see any susceptible monsters within range! (Use Z to cast anyway.)
c - a scarf of repulsion You start putting on your armour.
You continue putting on your scarf of repulsion. x4
You finish putting on your scarf of repulsion.
You are surrounded by a repulsion field.
Found a sling.
A bat comes into view.
A bat is nearby!
The magic dart hits the bat.
The bat is moderately wounded.
The magic dart hits the bat.
The bat is heavily wounded.
The magic dart hits the bat.
You kill the bat!
You have reached level 2!
Your demonic ancestry asserts itself...
Your feet thicken and deform.
You see here a bat corpse.
An adder comes into view.
The adder bites you.
You are poisoned.
The adder poisons you! The adder bites you but does no damage.
You feel sick. The adder bites you.
You feel sick. The adder bites you.
You feel sick. The adder misses you.
You feel sick. The adder closely misses you. The adder bites you.
You feel sick. The adder bites you.
* * * LOW HITPOINT WARNING * * *
You feel sick. The adder closely misses you.
You feel sick.
You are no longer poisoned.
The adder bites you.
* * * LOW HITPOINT WARNING * * *
You are lethally poisoned!
The adder poisons you! The adder misses you.
You die...

### ...############
~...#........#
#..........#
#..........#######
#...........†.....
#.................
#@................
......S.................
####..###...............
##. #............... #
########........
#........ ...###.... )..
#.#.. #.#..


You could see an adder.

Vanquished Creatures
  A worm (D:3)
  A ball python (D:3)
  A bat (D:3)
  2 kobolds (D:1)
  A rat (D:3)
6 creatures vanquished.

Notes
Turn   | Place    | Note
-------+----------+-------------------------------------------
     0 | D:1      | Essalna the Demonspawn Conjurer began the quest for the
                  | Orb.
     0 | D:1      | Reached XP level 1. HP: 13/13 MP: 3/3
    38 | D:1      | You fall into a shaft and drop 1 floor!
   273 | D:3      | Gained mutation: You have large cloven feet. [demonic
                  | ancestry]
   273 | D:3      | Reached XP level 2. HP: 19/19 MP: 0/5
   349 | D:3      | Succumbed to an adder's poison

Illustrated notes

Levels and vault maps discovered:
D:1:      pf_arrival_petrified_forest, layout_rooms, serial_corexii_hall,
          chequers_hall_statues_corner_a, chequers_hall_statues_corner_a
D:2:      layout_basic
D:3:      layout_basic, serial_glass, glass_columns_b, glass_columns_c,
          feat_on_display, minmay_misc_feat_five, minmay_crystal_room,
          serial_bayou_pond_d

Action                     || total
---------------------------++-------
  Melee: Staff             ||     9
         Unarmed           ||     2
   Cast: Magic Dart        ||    19
    Use: Potion            ||     1
 Armour: Robe              ||    12
  Dodge: Dodged            ||    11

Table legend: (Time is in decaauts)
 A = Elapsed time spent in this place.
 B = Non-inter-level travel time spent in this place.
 C = Inter-level travel time spent in this place.
 D = Time resting spent in this place.
 E = Time spent auto-exploring this place.
 F = Levels seen in this place.
 G = Mean time per level.
                   A        B        C        D        E       F      G
               +--------+--------+--------+--------+--------+-----+--------+
         Total |    350 |    350 |      0 |      0 |    232 |   3 |  116.7 |
       Dungeon |    350 |    350 |      0 |      0 |    232 |   3 |  116.7 |
               +--------+--------+--------+--------+--------+-----+--------+

Top non-repeatable levels by time:
     D:3: 275 daAuts
     D:1: 38 daAuts
     D:2: 37 daAuts
